General information
- name: BNet
- type: Ladder team game (AT/RT)
- host: Battle.net
- saver: YUNA-PWNS-TIFA
map: Cherryville
- players: 8
- length: 20:37
- speed: Fast
- version: 1.26 W3XP
- replay type: Public
» download(163 KB)
Players
team 1 (loser)
aZombra (
teal | 87 APM | 1799 actions | 20:34)
5 Death Knight
3 Death Coil
1 Unholy Aura
1 Death Pact
2 Lich
1 Frost Nova
1 Frost Armor
» actions
| Assign group hotkey | 90 | |
| Basic commands | 108 | |
| Build / train | 60 | |
| Enter build submenu | 13 | |
| Enter hero's abilities submenu | 7 | |
| Give item / drop item | 3 | |
| Remove unit from queue | 5 | |
| Right click | 630 | |
| Select / deselect | 221 | |
| Select group hotkey | 564 | |
| Use ability | 98 | |
1799 total
» units
| Acolyte | 14 | |
| Ghoul | 3 | |
| Crypt Fiend | 6 | |
| Frost Wyrm | 4 | |
27 total
» upgrades
| Creature Attack | 2 | |
| Burrow | 1 | |
| Creature Carapace | 1 | |
| Web | 1 | |
5 total
» buildings
| Crypt | 1 | |
| Graveyard | 1 | |
| Ziggurat | 6 | |
| Altar of Darkness | 1 | |
| Tomb of Relics | 1 | |
| Nerubian Tower | 1 | |
| Halls of the Dead | 1 | |
| Black Citadel | 1 | |
| Sacrificial Pit | 1 | |
| Boneyard | 1 | |
| Spirit Tower | 1 | |
16 total
» build order
00:15 Crypt
00:16 Graveyard
00:38 Ziggurat
00:58 Altar of Darkness
01:13 Tomb of Relics
01:53 Ziggurat
02:28 Nerubian Tower
03:36 Halls of the Dead
04:34 Ziggurat
07:21 Black Citadel
07:25 Sacrificial Pit
09:01 Ziggurat
09:31 Ziggurat
11:12 Boneyard
14:54 Ziggurat
18:05 Spirit Tower
» items
| Rod of Necromancy | 2 | |
| Potion of Lesser Invulnerability | 1 | |
| Scroll of Healing | 1 | |
| Orb of Corruption | 2 | |
| Scroll of Town Portal | 1 | |
| Lesser Clarity Potion | 2 | |
| Dust of Appearance | 1 | |
10 total

»
Mr.Joker (
blue | 34 APM | 692 actions | 20:25)
3 Blademaster
1 Wind Walk
2 Critical Strike
2 Shadow Hunter
1 Healing Wave
1 Hex
» actions
| Basic commands | 17 | |
| Build / train | 69 | |
| Enter build submenu | 17 | |
| Enter hero's abilities submenu | 5 | |
| Right click | 290 | |
| Select / deselect | 256 | |
| Use ability | 38 | |
692 total
» units
| Peon | 20 | |
| Troll Headhunter/Berserker | 16 | |
| Shaman | 6 | |
| Tauren | 11 | |
53 total
» upgrades
| Troll Regeneration | 1 | |
| Shaman Training | 2 | |
| Berserker Upgrade | 1 | |
| Pulverize | 1 | |
| Armor | 1 | |
6 total
» buildings
| Altar of Storms | 1 | |
| Orc Burrow | 8 | |
| War Mill | 1 | |
| Barracks | 1 | |
| Stronghold | 1 | |
| Fortress | 1 | |
| Spirit Lodge | 1 | |
| Great Hall | 1 | |
| Tauren Totem | 2 | |
| Voodoo Lounge | 1 | |
18 total
» build order
00:07 Altar of Storms
00:10 Orc Burrow
00:43 War Mill
01:26 Barracks
01:48 Orc Burrow
04:11 Stronghold
04:43 Orc Burrow
05:55 Orc Burrow
07:01 Fortress
07:08 Spirit Lodge
09:01 Great Hall
09:15 Orc Burrow
09:42 Tauren Totem
10:09 Tauren Totem
12:40 Voodoo Lounge
12:56 Orc Burrow
13:57 Orc Burrow
16:17 Orc Burrow
» items

»
deandean (
purple | 32 APM | 659 actions | 20:32)
3 Archmage
1 Summon Water Elemental
2 Brilliance Aura
1 Paladin
1 Holy Light
» actions
| Assign group hotkey | 23 | |
| Basic commands | 52 | |
| Build / train | 84 | |
| Enter build submenu | 24 | |
| Enter hero's abilities submenu | 5 | |
| Remove unit from queue | 3 | |
| Right click | 95 | |
| Select / deselect | 226 | |
| Select group hotkey | 95 | |
| Use ability | 52 | |
659 total
» units
| Peasant | 20 | |
| Footman | 5 | |
| Priest | 13 | |
| Knight | 6 | |
| Siege Engine | 5 | |
49 total
» upgrades
| Masonry | 2 | |
| Plating | 3 | |
| Swords | 2 | |
| Lumber Harvesting | 2 | |
| Gunpowder | 1 | |
| Priest Training | 2 | |
| Animal War Training | 1 | |
| Barrage | 1 | |
14 total
» buildings
| Altar of Kings | 1 | |
| Farm | 13 | |
| Barracks | 1 | |
| Scout Tower | 3 | |
| Lumber Mill | 1 | |
| Arcane Vault | 1 | |
| Arcane Tower | 3 | |
| Town Hall | 1 | |
| Keep | 1 | |
| Blacksmith | 1 | |
| Castle | 1 | |
| Arcane Sanctum | 1 | |
| Workshop | 1 | |
29 total
» build order
00:22 Altar of Kings
00:30 Farm
00:51 Barracks
01:11 Farm
01:52 Farm
02:07 Scout Tower
02:20 Lumber Mill
02:28 Arcane Vault
02:44 Arcane Tower
03:01 Farm
03:34 Farm
05:03 Town Hall
05:07 Scout Tower
05:21 Keep
05:38 Arcane Tower
06:51 Blacksmith
06:54 Farm
07:01 Farm
08:33 Castle
08:49 Farm
09:09 Arcane Sanctum
09:11 Workshop
09:17 Scout Tower
09:37 Farm
10:22 Farm
11:15 Arcane Tower
17:47 Farm
17:51 Farm
18:58 Farm
» items
| Scroll of Regeneration | 2 | |
| Scroll of Town Portal | 4 | |
| Orb of Fire | 1 | |
7 total

»
MINNESOTAWILD (
pink | 37 APM | 760 actions | 20:25)
4 Lich
2 Frost Nova
2 Frost Armor
3 Death Knight
1 Death Coil
2 Unholy Aura
» actions
| Assign group hotkey | 2 | |
| Build / train | 67 | |
| Enter build submenu | 26 | |
| Enter hero's abilities submenu | 7 | |
| Give item / drop item | 1 | |
| Remove unit from queue | 1 | |
| Right click | 384 | |
| Select / deselect | 217 | |
| Select group hotkey | 5 | |
| Use ability | 50 | |
760 total
» units
| Acolyte | 20 | |
| Ghoul | 4 | |
| Crypt Fiend | 13 | |
| Obsidian Statue | 1 | |
| Frost Wyrm | 2 | |
40 total
» upgrades
| Creature Attack | 2 | |
| Burrow | 1 | |
| Cannibalize | 0 | |
| Creature Carapace | 1 | |
| Web | 1 | |
5 total
» buildings
| Altar of Darkness | 1 | |
| Ziggurat | 10 | |
| Crypt | 1 | |
| Graveyard | 1 | |
| Tomb of Relics | 1 | |
| Halls of the Dead | 1 | |
| Nerubian Tower | 2 | |
| Black Citadel | 1 | |
| Slaughterhouse | 1 | |
| Necropolis | 2 | |
| Sacrificial Pit | 1 | |
| Spirit Tower | 5 | |
| Boneyard | 1 | |
28 total
» build order
00:23 Altar of Darkness
00:26 Ziggurat
00:45 Crypt
01:08 Graveyard
01:37 Ziggurat
01:45 Tomb of Relics
03:02 Ziggurat
04:11 Ziggurat
04:45 Halls of the Dead
05:49 Nerubian Tower
05:54 Ziggurat
08:34 Black Citadel
08:38 Slaughterhouse
11:06 Necropolis
11:15 Necropolis
12:46 Ziggurat
12:48 Ziggurat
12:55 Ziggurat
12:57 Ziggurat
13:03 Ziggurat
13:35 Sacrificial Pit
13:36 Spirit Tower
13:37 Spirit Tower
13:42 Spirit Tower
13:43 Spirit Tower
14:32 Spirit Tower
14:33 Nerubian Tower
14:49 Boneyard
» items
| Rod of Necromancy | 1 | |
| Dust of Appearance | 1 | |
| Scroll of Town Portal | 1 | |
3 total
team 2 (winner)
Professional (
green | 121 APM | 2502 actions | 20:35)
5 Demon Hunter
2 Mana Burn
3 Evasion
3 Priestess of the Moon
2 Trueshot Aura
1 Searing Arrows
» actions
| Assign group hotkey | 28 | |
| Basic commands | 75 | |
| Build / train | 70 | |
| ESC pressed | 1 | |
| Enter build submenu | 20 | |
| Enter hero's abilities submenu | 8 | |
| Give item / drop item | 1 | |
| Remove unit from queue | 1 | |
| Right click | 920 | |
| Select / deselect | 324 | |
| Select group hotkey | 990 | |
| Use ability | 64 | |
2502 total
» units
| Wisp | 16 | |
| Huntress | 6 | |
| Dryad | 12 | |
| Archer | 1 | |
| Druid of the Claw | 3 | |
38 total
» upgrades
| Strength of the Wild | 3 | |
| Abolish Magic | 1 | |
| Reinforced Hides | 3 | |
| Druid of the Claw Training | 2 | |
| Mark of the Claw | 1 | |
10 total
» buildings
| Altar of Elders | 1 | |
| Moon Well | 8 | |
| Hunter's Hall | 1 | |
| Ancient of War | 2 | |
| Tree of Ages | 2 | |
| Ancient of Lore | 2 | |
| Tree of Eternity | 1 | |
| Ancient of Wonders | 1 | |
| Tree of Life | 2 | |
20 total
» build order
00:06 Altar of Elders
00:19 Moon Well
01:42 Hunter's Hall
01:51 Ancient of War
02:06 Moon Well
02:28 Ancient of War
02:42 Moon Well
04:53 Tree of Ages
06:17 Moon Well
07:15 Ancient of Lore
07:18 Ancient of Lore
08:52 Tree of Eternity
10:12 Moon Well
13:19 Moon Well
13:42 Moon Well
13:45 Ancient of Wonders
18:53 Moon Well
19:01 Tree of Life
19:36 Tree of Life
» items
| Boots of Speed | 2 | |
| Scroll of Town Portal | 2 | |
| Potion of Lesser Invulnerability | 1 | |
| Periapt of Vitality | 1 | |
| Circlet of Nobility | 1 | |
| Orb of Venom | 1 | |
8 total
BloodRush (
yellow | 80 APM | 1645 actions | 20:35)
6 Blademaster
3 Wind Walk
2 Critical Strike
1 Bladestorm
5 Shadow Hunter
2 Healing Wave
3 Hex
» actions
| Assign group hotkey | 33 | |
| Basic commands | 188 | |
| Build / train | 80 | |
| ESC pressed | 1 | |
| Enter build submenu | 21 | |
| Enter hero's abilities submenu | 11 | |
| Give item / drop item | 1 | |
| Remove unit from queue | 1 | |
| Right click | 544 | |
| Select / deselect | 440 | |
| Select group hotkey | 251 | |
| Use ability | 74 | |
1645 total
» units
| Peon | 13 | |
| Grunt | 8 | |
| Troll Witch Doctor | 6 | |
| Shaman | 6 | |
| Tauren | 7 | |
| Kodo Beast | 1 | |
41 total
» upgrades
| Berserker Strength | 1 | |
| Shaman Training | 2 | |
| Witch Doctor Training | 2 | |
| Melee Weapons | 2 | |
| Armor | 2 | |
| Pulverize | 1 | |
| Reinforced Defenses | 1 | |
| War Drums Damage Increase | 1 | |
12 total
» buildings
| Altar of Storms | 1 | |
| Orc Burrow | 7 | |
| Voodoo Lounge | 1 | |
| Barracks | 1 | |
| Stronghold | 1 | |
| War Mill | 1 | |
| Spirit Lodge | 2 | |
| Great Hall | 1 | |
| Fortress | 1 | |
| Tauren Totem | 3 | |
| Beastiary | 1 | |
| Watch Tower | 1 | |
21 total
» build order
00:09 Altar of Storms
00:20 Orc Burrow
00:50 Voodoo Lounge
01:28 Barracks
01:46 Orc Burrow
02:14 Orc Burrow
03:27 Stronghold
03:56 War Mill
04:42 Orc Burrow
06:09 Spirit Lodge
06:33 Great Hall
07:02 Orc Burrow
07:31 Spirit Lodge
08:43 Fortress
10:02 Orc Burrow
11:11 Tauren Totem
11:13 Tauren Totem
13:12 Tauren Totem
13:48 Orc Burrow
14:08 Beastiary
17:33 Watch Tower
» items
| Healing Salve | 2 | |
| Lesser Clarity Potion | 1 | |
| Scroll of Speed | 1 | |
| Orb of Lightning | 1 | |
| Potion of Healing | 2 | |
| Potion of Mana | 2 | |
| Scroll of Town Portal | 2 | |
11 total

»
TOMgreeN (
red | 61 APM | 1253 actions | 20:35)
4 Keeper of the Grove
2 Force of Nature
2 Thorns Aura
3 Priestess of the Moon
2 Trueshot Aura
1 Searing Arrows
» actions
| Assign group hotkey | 35 | |
| Build / train | 89 | |
| Enter build submenu | 27 | |
| Enter hero's abilities submenu | 7 | |
| Give item / drop item | 2 | |
| Remove unit from queue | 4 | |
| Right click | 364 | |
| Select / deselect | 330 | |
| Select group hotkey | 349 | |
| Use ability | 46 | |
1253 total
» units
| Wisp | 24 | |
| Archer | 13 | |
| Faerie Dragon | 3 | |
| Chimaera | 9 | |
| Hippogryph | 2 | |
51 total
» upgrades
| Strength of the Moon | 2 | |
| Moon Armor | 1 | |
| Improved Bows | 1 | |
| Strength of the Wild | 3 | |
| Reinforced Hides | 3 | |
| Corrosive Breath | 1 | |
11 total
» buildings
| Altar of Elders | 1 | |
| Moon Well | 9 | |
| Ancient of War | 2 | |
| Tree of Life | 1 | |
| Hunter's Hall | 1 | |
| Tree of Ages | 2 | |
| Ancient of Wonders | 1 | |
| Ancient of Wind | 4 | |
| Tree of Eternity | 2 | |
| Chimaera Roost | 3 | |
26 total
» build order
00:32 Altar of Elders
00:39 Moon Well
01:37 Ancient of War
02:00 Ancient of War
02:03 Moon Well
02:05 Moon Well
03:04 Moon Well
04:18 Tree of Life
06:02 Hunter's Hall
06:17 Tree of Ages
06:17 Tree of Ages
07:41 Ancient of Wonders
08:16 Moon Well
08:17 Moon Well
08:54 Ancient of Wind
09:02 Ancient of Wind
09:07 Tree of Eternity
09:07 Tree of Eternity
11:32 Chimaera Roost
11:36 Chimaera Roost
12:38 Ancient of Wind
12:43 Ancient of Wind
13:09 Chimaera Roost
14:40 Moon Well
14:50 Moon Well
17:27 Moon Well
» items
| Boots of Speed | 1 | |
| Circlet of Nobility | 1 | |
| Periapt of Vitality | 1 | |
| Scroll of Protection | 1 | |
| Scroll of Town Portal | 1 | |
| Scroll of Healing | 1 | |
6 total

»
YUNA-PWNS-TIFA (
orange | 65 APM | 1334 actions | 20:37)
5 Blood Mage
3 Flame Strike
2 Siphon Mana
» actions
| Assign group hotkey | 22 | |
| Basic commands | 5 | |
| Build / train | 85 | |
| Enter build submenu | 21 | |
| Enter hero's abilities submenu | 5 | |
| Give item / drop item | 3 | |
| Right click | 506 | |
| Select / deselect | 209 | |
| Select group hotkey | 373 | |
| Use ability | 105 | |
1334 total
» units
| Peasant | 14 | |
| Footman | 4 | |
| Goblin Shredder | 1 | |
| Sorceress | 9 | |
28 total
» upgrades
| Masonry | 3 | |
| Lumber Harvesting | 2 | |
| Sorceress Training | 2 | |
| Magic Sentry | 1 | |
| Priest Training | 2 | |
10 total
» buildings
| Altar of Kings | 1 | |
| Barracks | 1 | |
| Farm | 5 | |
| Scout Tower | 19 | |
| Arcane Vault | 2 | |
| Arcane Tower | 3 | |
| Lumber Mill | 1 | |
| Town Hall | 1 | |
| Guard Tower | 11 | |
| Keep | 1 | |
| Castle | 2 | |
| Arcane Sanctum | 2 | |
| Blacksmith | 1 | |
50 total
» build order
00:07 Altar of Kings
00:21 Barracks
00:37 Farm
00:51 Farm
01:35 Scout Tower
01:39 Farm
02:00 Arcane Vault
02:18 Arcane Tower
02:32 Lumber Mill
03:28 Farm
04:22 Town Hall
04:27 Scout Tower
04:27 Scout Tower
04:29 Scout Tower
05:03 Arcane Tower
05:05 Guard Tower
06:12 Scout Tower
06:13 Scout Tower
06:14 Scout Tower
06:15 Scout Tower
06:36 Keep
07:08 Guard Tower
07:09 Guard Tower
07:17 Scout Tower
07:18 Scout Tower
07:29 Scout Tower
07:29 Scout Tower
07:48 Guard Tower
07:48 Guard Tower
07:56 Arcane Vault
08:01 Guard Tower
08:32 Guard Tower
08:32 Guard Tower
08:59 Castle
08:59 Castle
09:03 Arcane Sanctum
09:04 Arcane Sanctum
10:27 Arcane Tower
11:09 Blacksmith
11:33 Farm
17:16 Scout Tower
17:16 Scout Tower
17:21 Scout Tower
17:21 Scout Tower
18:00 Guard Tower
18:00 Guard Tower
20:12 Guard Tower
» items
| Scroll of Regeneration | 3 | |
| Healing Salve | 1 | |
| Potion of Mana | 5 | |
| Potion of Invisibility | 1 | |
| Potion of Lesser Invulnerability | 1 | |
| Staff of Teleportation | 1 | |
| Lesser Clarity Potion | 3 | |
| Ivory Tower | 3 | |
| Potion of Healing | 3 | |
| Scroll of Town Portal | 2 | |
| Orb of Fire | 1 | |
24 total
Chat log
(00:07 / Allies) TOMgreeN: sup
(00:08 / Allies) Professional: hi
(00:10 / Allies) BloodRush: melee
(00:12 / Allies) BloodRush: here
(00:14 / Allies) Professional: oops
(00:23 / All) TOMgreeN: Lol
(00:33 / All) BloodRush: b/c im a simple kinf of man!!!
(00:42 / Allies) TOMgreeN: hippo chim
(00:45 / Allies) BloodRush: nice
(00:46 / All) YUNA-PWNS-TIFA: KODO #1
(00:53 / Allies) TOMgreeN: u good oj
(00:57 / Allies) YUNA-PWNS-TIFA: no
(00:59 / Allies) YUNA-PWNS-TIFA: im great
(01:01 / Allies) BloodRush: haha
(01:05 / Allies) TOMgreeN: what u going
(01:14 / Allies) TOMgreeN: i fast expo
(01:19 / Allies) Professional: he teching
(01:19 / All) BloodRush: after all these years, this game still kicks ass
(01:23 / Allies) BloodRush: k
(01:26 / All) YUNA-PWNS-TIFA: best online gmae ever
(01:26 / All) deandean: yas
(01:37 / All) BloodRush: i like this better than WoW
(01:43 / Allies) Professional: guys
(01:45 / Allies) Professional: we should rush him
(01:52 / Allies) BloodRush: goping with hero
(01:53 / Allies) YUNA-PWNS-TIFA: i dont want to rush
(02:00 / Allies) Professional: he's teching
(02:27 / Allies) BloodRush: going
(02:36 / Allies) BloodRush: coming green?
(03:51 / Allies) TOMgreeN: 100gpz for expo
(03:53 / Allies) TOMgreeN: ill give u
(03:56 / Allies) TOMgreeN: triple in 3 min
(03:58 / All) MINNESOTAWILD: BOOOOM
(03:58 / Allies) BloodRush: damn green
(04:10 / Allies) Professional: what
(04:14 / Allies) Professional: it's fine
(04:14 / All) BloodRush: b/.c im a simple kind of man!!!!!
(04:16 / Allies) Professional: we go back with units
(04:22 / Allies) BloodRush: didnt see pink
(04:29 / Allies) BloodRush: gettign creep
(04:43 / Allies) Professional: ready to go back?
(04:43 / Allies) YUNA-PWNS-TIFA: wood
(04:53 / Allies) BloodRush: gold?
(05:03 / Allies) Professional: lets go
(05:07 / Allies) TOMgreeN: gimme sum
(05:12 / Allies) BloodRush: haha
(06:11 / Allies) Professional: lets hit
(06:16 / Allies) BloodRush: lets
(06:24 / Allies) BloodRush: let me heal
(06:26 / Allies) YUNA-PWNS-TIFA: i do not want to
(06:26 / Allies) BloodRush: one sec
(06:48 / Allies) BloodRush: copmiong
(06:50 / Allies) BloodRush: coming green
(07:03 / Allies) Professional: guys
(07:05 / Allies) Professional: can u hit bottom
(07:06 / Allies) Professional: plz
(07:07 / Allies) BloodRush: neeed aa green
(07:10 / Allies) BloodRush: we dont have anything
(07:22 / Allies) Professional: check
(07:22 / Allies) BloodRush: you going air or aa green?
(07:25 / Allies) Professional: Yes
(07:28 / Allies) BloodRush: thanks
(07:29 / Allies) Professional: dryads
(07:36 / Allies) BloodRush: bm
(07:37 / Allies) BloodRush: bm,
(07:55 / Allies) BloodRush: careful
(08:14 / Allies) Professional: guys go
(08:17 / Allies) BloodRush: hero
(08:29 / Allies) Professional: get out
(08:30 / Allies) Professional: 3 here
(08:31 / Allies) Professional: out
(08:36 / Allies) Professional: guys hit bottom
(08:37 / Allies) Professional: 3 up top
(08:40 / Allies) BloodRush: out
(08:54 / Allies) BloodRush: wtf
(08:54 / Allies) BloodRush: guys
(09:00 / Allies) BloodRush: do something down there
(09:03 / Allies) BloodRush: we had 3 up here
(09:21 / Allies) BloodRush: gold me
(09:42 / Allies) BloodRush: woodc?
(10:10 / Allies) BloodRush: go
(10:22 / Allies) BloodRush: units oj
(10:34 / Allies) TOMgreeN: lumber plz
(10:56 / Allies) Professional: guys hit bottom plz
(11:05 / Allies) BloodRush: they not doing it..
(11:35 / Allies) Professional: b
(12:04 / Allies) BloodRush: out
(12:05 / Allies) BloodRush: out
(12:11 / All) TOMgreeN: nicw
(12:45 / Allies) BloodRush: wood me pls
(12:51 / Allies) Professional: why are u guys gettin so much gold
(12:53 / Allies) Professional: and not spending>
(12:58 / Allies) BloodRush: im spending
(13:02 / Allies) Professional: not u
(13:31 / Allies) BloodRush: go again
(13:34 / Allies) BloodRush: green
(13:36 / Allies) Professional: ok ready
(13:50 / Allies) TOMgreeN: lumberplz
(14:03 / Allies) TOMgreeN: ty
(14:08 / Allies) Professional: can u hit plz
(14:17 / All) TOMgreeN: yay
(14:58 / All) TOMgreeN: gold plz
(15:18 / Allies) TOMgreeN: tptp plz
(15:41 / All) TOMgreeN: pink wtf
(16:18 / All) TOMgreeN: gold me oj
(16:20 / All) TOMgreeN: u have 3k
(16:44 / Allies) TOMgreeN: gold me ill help
(17:00 / Allies) Professional: i am out
(17:04 / Allies) Professional: im out
(17:15 / Allies) TOMgreeN: coming
(17:52 / Allies) BloodRush: good job green
(17:54 / Allies) BloodRush: lets go again
(17:56 / Allies) Professional: let's go now
(17:59 / Allies) Professional: incoming
(17:59 / Allies) BloodRush: going
(18:35 / Allies) BloodRush: blue?
(18:39 / Allies) Professional: tauren
(18:39 / Allies) TOMgreeN: coming
(19:12 / All) TOMgreeN: gg
(19:41 / All) aZombra: orange mh sux
(19:45 / All) YUNA-PWNS-TIFA: LOL
(19:54 / All) TOMgreeN: LOL
(19:56 / All) BloodRush: GG
(20:00 / All) YUNA-PWNS-TIFA: how am i mhing
(20:05 / All) YUNA-PWNS-TIFA: i got sorc over entire map